 Dungeon Crawl Stone Soup version 0.30-a0-297-g0ec75d9ef4 (webtiles) character file.

Game seed: 13511634688696182364

277 purpskrrrp the Chopper (level 6, -3/56 HPs)
             Began as a Minotaur Fighter on Oct 18, 2022.
             Slain by a gnoll
             ... wielding a +0 club
              (7 damage)
             ... on level 3 of the Dungeon.
             The game lasted 00:02:28 (1684 turns).

purpskrrrp the Chopper (Minotaur Fighter)           Turns: 1684, Time: 00:02:28

Health: -3/56      AC:  4    Str: 22    XL:     6   Next: 4%
Magic:  5/5        EV: 10    Int:  5    God:
Gold:   163        SH:  4    Dex: 10    Spells: 5/5 levels left

rFire   . . .      SeeInvis .    a - +0 war axe
rCold   + . .      Faith    .    c - +0 buckler
rNeg    . . .      Spirit   .    e - +2 robe {rC+}
rPois   .          Reflect  .    (helmet restricted)
rElec   .          Harm     .    n - scarf {+Inv}
rCorr   .          Rampage  .    (no gloves)
Will    .....                    (no boots)
Stlth   +.........               (no amulet)
HPRegen 0.29/turn                (no ring)
MPRegen 0.09/turn                (no ring)

@: no status effects
A: horns 2, retaliatory headbutt
a: Evoke Invisibility


You were on level 3 of the Dungeon.
You visited 1 branch of the dungeon, and saw 4 of its levels.

You collected 163 gold pieces.

Inventory:

Hand Weapons
 a - a +0 war axe (weapon)
Armour
 b - a +0 scale mail
 c - a +0 buckler (worn)
 e - a +2 robe of cold resistance (worn)
 n - a scarf of invisibility (worn)
Scrolls
 h - 2 scrolls of identify
 o - a scroll of enchant weapon {unknown}
 q - a scroll of blinking {unknown}
 t - 2 scrolls of amnesia {unknown}
 u - a scroll of poison
Potions
 d - a potion of might
 f - 2 potions of brilliance
 g - a potion of mutation {unknown}
 i - a potion of heal wounds {unknown}
 j - 2 potions of lignification
 k - a potion of ambrosia {unknown}
 l - 2 potions of curing {unknown}
 m - a potion of attraction {unknown}
 p - a potion of resistance {unknown}
 r - a potion of haste {unknown}
 s - a potion of degeneration {unknown}
 v - a potion of flight {unknown}


   Skills:
 + Level 5.1 Fighting
 * Level 5.6 Axes
 + Level 5.1 Armour
 - Level 3.6 Shields


You had 5 spell levels left.
You didn't know any spells.
Your spell library contained the following spells:

 Spells                   Type           Power      Damage    Failure   Level
 Passage of Golubria      Tloc           0%         N/A       100%        4
 Silence                  Hex/Air        0%         N/A       100%        5
 Lehudib's Crystal Spear  Conj/Erth      0%         10d2      100%        8


Dungeon Overview and Level Annotations

Branches:
Dungeon (4/15)
 Temple: D:4-7

Altars:
Ashenzari
Dithmenos
Zin

Annotations:
D:3 Grinder


Innate Abilities, Weirdness & Mutations

You have a pair of horns on your head.
You reflexively headbutt those who attack you in melee.


Message History

Pain shoots through your body!
A gnoll comes into view. It is wielding a +0 spear.
Grinder gestures at you.
You suddenly lose the ability to move!
The gnoll hits you with a +0 whip. The goblin barely misses you.
The gnoll hits you but does no damage.
The gnoll hits you from afar with a +0 halberd.
The goblin hits you with a +0 dagger.
Grinder blinks!
The gnoll hits you with a +0 whip. The gnoll barely misses you.
The goblin hits you with a +0 dagger.
You can move again.
The gnoll hits you but does no damage. The goblin closely misses you.
The gnoll attacks as you move away! The gnoll hits you with a +0 whip.
There is an open door here.
The gnoll attacks as you move away! The gnoll hits you with a +0 whip!
You hit the gnoll. Your headbutt misses the gnoll.
The gnoll is heavily wounded.
The gnoll barely misses you. You furiously retaliate!
You headbutt the gnoll.
You kill the gnoll!
Grinder blinks!
The gnoll barely misses you.
The gnoll hits you from afar with a +0 halberd!
* * * LOW HITPOINT WARNING * * *
The gnoll hits you with a +0 spear.
* * * LOW HITPOINT WARNING * * *
There is an open door, spattered with blood here.
You see here a +0 whip.
You closely miss the gnoll. x2; The gnoll hits you with a +0 spear.
* * * LOW HITPOINT WARNING * * *
The gnoll hits you but does no damage. The gnoll barely misses you.
You slash the gnoll!
The gnoll is heavily wounded.
You closely miss the gnoll. The gnoll barely misses you.
You block the gnoll's attack. The gnoll hits you but does no damage.
You hit the gnoll. You headbutt the gnoll.
The gnoll is almost dead.
You hit the gnoll.
The gnoll hits you from afar with a +0 halberd.
* * * LOW HITPOINT WARNING * * *
You block the gnoll's attack. The gnoll hits you with a +0 club!
You die...

#.# ######### #$.
##.......###.# ##
+............. ..
#.......###.##!# # .
###............ ...
....#........###.##.....
......P......@ggg.......
....>PP♣....g###.###.♣.♣
#+#....♣.........<.
#...♣♣P.#.##.#.##..
...P♣♣♣.........#
..♣.♣.# ..♣.
♣.P.#....###...♣.♣.# .
♣♣♣.♣P###....#.P♣P#♣.♣.#
P........#........♣.♣.#
P...#....#.##..♣..♣.♣.#


You could see 3 gnolls and a goblin.

Vanquished Creatures
  Sigmund (D:2)
  7 adders
  A gnoll (D:3)
  3 dart slugs
  An orc (D:4)
  4 bats
  6 endoplasms
  3 giant cockroaches
  2 goblins
  3 hobgoblins
  A quokka (D:1)
  5 frilled lizards
  5 kobolds
  2 rats (D:2)
44 creatures vanquished.

Vanquished Creatures (others)
  A plant (D:3)
1 creature vanquished.

Grand Total: 45 creatures vanquished

Notes
Turn   | Place    | Note
-------+----------+-------------------------------------------
     0 | D:1      | purpskrrrp the Minotaur Fighter began the quest for the
                  | Orb.
     0 | D:1      | Reached XP level 1. HP: 19/19 MP: 0/0
   255 | D:1      | Reached XP level 2. HP: 22/27 MP: 1/1
   816 | D:2      | Noticed Sigmund
   827 | D:2      | Killed Sigmund
   828 | D:2      | Reached skill level 5 in Axes
   828 | D:2      | Reached XP level 3. HP: 17/35 MP: 2/2
   828 | D:2      | Reached XP level 4. HP: 20/41 MP: 3/3
   828 | D:2      | Reached XP level 5. HP: 23/47 MP: 4/4
  1096 | D:2      | Found a glowing silver altar of Zin.
  1194 | D:2      | You fall into a shaft and drop 2 floors!
  1356 | D:4      | Reached skill level 5 in Fighting
  1429 | D:4      | Reached skill level 5 in Armour
  1503 | D:3      | Found a shadowy altar of Dithmenos.
  1618 | D:3      | Found a broken altar of Ashenzari.
  1664 | D:3      | Reached XP level 6. HP: 56/56 MP: 5/5
  1671 | D:3      | Noticed Grinder
  1673 | D:3      | Paralysed by Grinder for 3 turns
  1684 | D:3      | Slain by a gnoll

Illustrated notes

Levels and vault maps discovered:
D:1:      heliophobic_arrival_ceremonial_halls, layout_basic, serial_rivers,
          chequers_serial_rivers_micro_c, chequers_serial_rivers_room_a,
          chequers_serial_rivers_micro_c, chequers_serial_rivers_small_3
D:2:      layout_rooms, basic_altar, uniq_sigmund
D:3:      layout_basic, ashenzari_altar_1, kennysheep_okawaru_gauntlet,
          nicolae_dithmenos_the_darkroom, serial_forest,
          infiniplex_forest_straight_3, infiniplex_forest_clump_curved,
          infiniplex_forest_lined_corner, infiniplex_forest_split,
          infiniplex_forest_end_2, infiniplex_forest_clump_C,
          infiniplex_forest_clump_tiny, infiniplex_forest_clump_small,
          uniq_grinder, uniq_ijyb
D:4:      layout_gridville, st_stairs_3

Skill      XL: |  1  2  3  4  5 |
---------------+----------------+-----
Axes           | 5 |  5.6
Fighting       | 4 5 |  5.1
Armour         | 4 5 |  5.1
Shields        | |  3.6

Action                   |  1- 3 |  4- 6 || total
-------------------------+-------+-------++-------
Melee: War axe           |    39 |    56 ||    95
       Headbutt          |     3 |     8 ||    11
  Use: Scroll            |     4 |       ||     4
Armor: Scale mail        |    12 |       ||    12
       Robe              |       |    27 ||    27
Dodge: Dodged            |     9 |    29 ||    38
Block: Buckler           |    12 |    13 ||    25

Table legend: (Time is in decaauts)
 A = Elapsed time spent in this place.
 B = Non-inter-level travel time spent in this place.
 C = Inter-level travel time spent in this place.
 D = Time resting spent in this place.
 E = Time spent auto-exploring this place.
 F = Levels seen in this place.
 G = Mean time per level.
                   A        B        C        D        E       F      G
               +--------+--------+--------+--------+--------+-----+--------+
         Total |   1714 |   1707 |      7 |      3 |   1369 |   4 |  428.5 |
       Dungeon |   1714 |   1707 |      7 |      3 |   1369 |   4 |  428.5 |
               +--------+--------+--------+--------+--------+-----+--------+

Top non-repeatable levels by time:
     D:1: 817 daAuts
     D:2: 396 daAuts
     D:4: 260 daAuts
     D:3: 240 daAuts
